 Dungeon Crawl Stone Soup version 0.25-a0-571-gb5e01bddfa (webtiles) character file.

Game seed: 1489187257287427295, levelgen mode: deterministic

233 kae the Sneak (level 5, -6/28 HPs)
             Began as a Vampire Enchanter on Feb 29, 2020.
             Killed from afar by Dowan (19 damage)
             ... with a stone arrow
             ... on level 4 of the Dungeon.
             The game lasted 00:03:14 (3181 turns).

kae the Sneak (Vampire Enchanter)                   Turns: 3181, Time: 00:03:15

Health: -6/28      AC:  2    Str:  8    XL:     5   Next: 75%
Magic:  1/9        EV: 13    Int: 17    God:
Gold:   138        SH:  0    Dex: 15    Spells: 7/10 levels left

rFire    + . .     SeeInvis +   k - +1 short sword (venom)
rCold    + + .     Gourm    .   (no shield)
rNeg     + + +     Faith    .   b - +0 robe
rPois    ∞         Spirit   .   (no helmet)
rElec    .         Reflect  .   (no cloak)
rCorr    .         Harm     .   (no gloves)
MR       .....                  (no boots)
Stlth    ++++++....             (no amulet)
HPRegen  0.00/turn              e - ring of stealth
MPRegen  0.11/turn              g - ring of protection from fire

@: bloodless
A: no food, fangs 3, see invisible, unbreathing
a: Bat Form, Revivify


You were on level 4 of the Dungeon.
You were bloodless.

You visited 1 branch of the dungeon, and saw 4 of its levels.

You collected 138 gold pieces.

Inventory:

Hand Weapons
 a - a +1 dagger
 k - a +1 short sword of venom (weapon)
Armour
 b - a +0 robe (worn)
Jewellery
 c - an uncursed ring of see invisible {unknown}
 d - a +6 ring of intelligence {unknown}
 e - a ring of stealth (left hand)
 g - a ring of protection from fire (right hand)
Scrolls
 j - a scroll of remove curse
Potions
 f - a potion of haste
 i - 2 potions of curing
 l - a potion of heal wounds {unknown}


   Skills:
 * Level 4.0 Short Blades
 - Level 2.1 Dodging
 + Level 6.1 Stealth
 + Level 3.0 Spellcasting
 + Level 5.7 Hexes


You had 7 spell levels left.
You knew the following spells:

 Your Spells              Type           Power        Failure   Level  Hunger
a - Corona                Hex            ###....      1%          1    N/A
b - Ensorcelled Hibernat  Hex/Ice        ##....       9%          2    N/A

Your spell library contained the following spells:

 Spells                   Type           Power        Failure   Level  Hunger
 Confusing Touch          Hex            ###.....     4%          3    N/A
 Tukima's Dance           Hex            ###.....     4%          3    N/A
 Dazzling Flash           Conj/Hex       ##....       16%         3    N/A

Dungeon Overview and Level Annotations

Branches:
Dungeon (4/15)
 Temple: D:4-7

Altars:

Annotations:
D:4 Dowan


Innate Abilities, Weirdness & Mutations

You do not eat.
You do not regenerate when monsters are visible.
You are frail without blood (-20% HP).
You can heal yourself when you bite living creatures.
You are immune to poison.
You have razor-sharp teeth.
You have supernaturally acute eyesight. (SInv)
You can survive without breathing.


Message History

You hit Duvessa.
Duvessa looks as sick as possible!
Duvessa is almost dead.
You kill Duvessa!
Dowan screams, "No!
No!"
Dowan seems to find hidden reserves of power!
Your Short Blades skill increases to level 4!
Your Stealth skill increases to level 6!
Your Spellcasting skill increases to level 3!
You have reached level 5!
You feel agile. Dowan hits you but does no damage.
Casting: Ensorcelled Hibernation (safe; 9% risk of failure)
Confirm with . or Enter, or press ? or * to list all spells.
You don't have enough magic to cast that spell.
You hit Dowan. You bite Dowan.
You draw Dowan's blood!
You feel better.
Dowan is moderately wounded.
Dowan casts a spell at you. The stone arrow hits you!!
Ouch! That really hurt!
You die...

#.# ##.##
####...######
#...........#
##.##...####<#
##.#.##.## #.#
##.###.#.# #.#
#.######.##
##..# #.#
......e@##
##.# #.#
########.#
.... ... ..#
##### #.# .#.#
#.# .##.. <.
..# .# .# .# #


You could see Dowan.

Vanquished Creatures
  Duvessa (D:4)
  3 adders
  An ooze (D:1)
  6 worms
  4 leopard geckos
  5 orcs (D:3)
  A ball python (D:1)
  4 giant cockroaches
  6 goblins
  9 hobgoblins
  3 jackals (D:3)
  A quokka (D:2)
  6 bats
  5 frilled lizards
  12 kobolds
  11 rats
78 creatures vanquished.

Notes
Turn   | Place    | Note
-------+----------+-------------------------------------------
     0 | D:1      | kae the Vampire Enchanter began the quest for the Orb.
     0 | D:1      | Reached XP level 1. HP: 13/13 MP: 3/3
   319 | D:1      | Reached XP level 2. HP: 13/19 MP: 1/5
   353 | D:1      | Learned a level 2 spell: Ensorcelled Hibernation
   852 | D:2      | Reached XP level 3. HP: 18/24 MP: 4/6
   901 | D:2      | Reached skill level 5 in Stealth
  1032 | D:2      | Reached skill level 5 in Hexes
  1164 | D:2      | Reached XP level 4. HP: 24/24 MP: 7/7
  1381 | D:2      | HP: 1/24 [kobold/+1 short sword of venom (5)]
  3162 | D:4      | Noticed Duvessa
  3163 | D:4      | Noticed Dowan
  3180 | D:4      | Killed Duvessa
  3180 | D:4      | Reached skill level 6 in Stealth
  3180 | D:4      | Reached XP level 5. HP: 11/28 MP: 1/9
  3181 | D:4      | Killed from afar by Dowan

Levels and vault maps discovered:
D:1:      lemuel_arrival_rhombus, layout_loops_ring
D:2:      layout_basic, kennysheep_generic_room_9
D:3:      layout_basic
D:4:      layout_loops_ring, lemuel_blue_sif_altar, uniq_duvessa

Skill      XL: |  1  2  3  4 |
---------------+-------------+-----
Short Blades   | 2 4 |  4.0
Stealth        | 5 6 |  6.1
Hexes          | 5 |  5.7
Spellcasting   | 3 |  3.0
Dodging        | |  2.1

Action                   |  1- 3 |  4- 6 || total
-------------------------+-------+-------++-------
Melee: Dagger            |    77 |    36 ||   113
       Bite              |     3 |     4 ||     7
       Short sword       |       |    90 ||    90
 Cast: Corona            |     7 |     1 ||     8
       Ensorcelled Hiber |     7 |    14 ||    21
 Abil: Exsanguinate      |     1 |       ||     1
  Use: Scroll            |     4 |     3 ||     7
       Potion            |       |     1 ||     1
 Stab: Sleeping          |    26 |    16 ||    42
Armor: Robe              |     7 |    26 ||    33
Dodge: Dodged            |    28 |    71 ||    99

Table legend:
 A = Non-vault XP
 B = Vault XP
 C = Vault XP percentage of total XP
 D = Non-vault monster count
 E = Vault monster count
 F = Vault count percentage of total count
                 A         B        C        D         E       F
            +---------+---------+-------+---------+---------+-------
      Total |     188 |     146 |  43.7 |      76 |       2 |   2.6
            +---------+---------+-------+---------+---------+-------
        D:1 |      36 |       0 |   0.0 |      19 |       0 |   0.0
        D:2 |      75 |       1 |   1.3 |      27 |       1 |   3.6
        D:3 |      77 |       0 |   0.0 |      30 |       0 |   0.0
        D:4 |       0 |     145 | 100.0 |       0 |       1 | 100.0
            +---------+---------+-------+---------+---------+-------
